 Dungeon Crawl Stone Soup version 0.29.1-1-gd02db6906a (webtiles) character file.

Game seed: 9757249469594077090

1665 hawla the Firebug (level 8, -3/32 HPs)
             Began as a Felid Fire Elementalist on Sept 27, 2022.
             Was a Follower of Jiyva.
             Slain by a troll (6 damage)
             ... on level 10 of the Dungeon.
             The game lasted 00:34:46 (11123 turns).

hawla the Firebug (Felid Fire Elementalist)        Turns: 11123, Time: 00:34:47

Health: -3/32      AC:  2    Str:  4    XL:     8   Next: 69%
Magic:  12/17      EV: 18    Int: 25    God:    Jiyva [*.....]
Gold:   303        SH:  0    Dex: 16    Spells: 9/18 levels left
                                        Lives:  0   Deaths: 2

rFire   . . .      SeeInvis +     - Unarmed
rCold   . . .      Faith    .   (shield unavailable)
rNeg    . . .      Spirit   .   (body armour unavailable)
rPois   .          Reflect  .   (helmet unavailable)
rElec   .          Harm     .   (cloak unavailable)
rCorr   +          Rampage  .   (gloves unavailable)
Will    +....                   (boots unavailable)
Stlth   +++.......              (no amulet)
HPRegen 0.90/turn               o - +6 ring of intelligence
MPRegen 0.40/turn               g - ring "Hynwev" {rCorr Stlth+}

@: quick
A: very small, claws 1, fangs 3, see invisible, speed 1, shaggy fur 2, stealthy
paws, no weapons or thrown items, no armour, multi-lived
a: Renounce Religion


You were on level 10 of the Dungeon.
You worshipped Jiyva.
Jiyva was aware of your devotion.
You visited 1 branch of the dungeon, and saw 8 of its levels.
You also visited: Sewer.

You collected 303 gold pieces.

Inventory:

Jewellery
 g - the ring "Hynwev" (right paw) {rCorr Stlth+}
   (You acquired it on level 6 of the Dungeon)

   [ring of resist corrosion]

   rCorr:     It protects you from acid and corrosion.
   Stlth:     It makes you more stealthy.
 o - a +6 ring of intelligence (left paw)
Wands
 r - a wand of charming (4)
Scrolls
 f - a scroll of butterflies
 h - 3 scrolls of teleportation
 l - a scroll of magic mapping
 m - a scroll of blinking
 u - a scroll of poison {unknown}
 v - a scroll of vulnerability {unknown}
Potions
 a - a potion of magic
 b - 2 potions of flight
 c - 2 potions of lignification
 d - a potion of berserk rage
 e - 2 potions of resistance
 i - 5 potions of curing
 j - a potion of heal wounds {unknown}
 k - 4 potions of haste {unknown}
 n - 2 potions of brilliance {unknown}
 s - a potion of attraction {unknown}
 t - a potion of mutation {unknown}


   Skills:
 + Level 1.6 Fighting
 + Level 4.1 Dodging
 - Level 2.6 Stealth
 + Level 1.4 Unarmed Combat
 + Level 5.5 Spellcasting
 + Level 6.1 Conjurations
 + Level 3.4 Hexes
 + Level 6.9 Fire Magic
 + Level 3.6 Earth Magic


You had 9 spell levels left.
You knew the following spells:

 Your Spells              Type           Power      Damage    Failure   Level
a - Foxfire               Conj/Fire      100%       2x1d9     1%          1
b - Scorch                Fire           82%        2d9       1%          2
c - Inner Flame           Hex/Fire       32%        N/A       2%          3
d - Stone Arrow           Conj/Erth      62%        3d10      3%          3

Your spell library contained the following spells:

 Spells                   Type           Power      Damage    Failure   Level
 Magic Dart               Conj           100%       1d8       1%          1
 Sandblast                Erth           50%        2d12      1%          1
 Searing Ray              Conj           74%        2d7       1%          2
 Conjure Flame            Conj/Fire      39%        6-21      1%          3
 Passwall                 Tmut/Erth      13%        N/A       5%          2
 Flame Wave               Conj/Fire      39%        2d11      5%          4
 Freeze                   Ice            24%        1d5       8%          1
 Fulminant Prism          Conj/Hex       15%        3d11      11%         4
 Blink                    Tloc           12%        N/A       12%         2
 Hailstorm                Conj/Ice       22%        3d7       22%         4
 Frozen Ramparts          Ice            12%        1d2       24%         3
 Lesser Beckoning         Tloc           6%         N/A       24%         3
 Irradiate                Conj/Tmut      11%        3d15      52%         5
 Summon Ice Beast         Ice/Summ       6%         N/A       61%         4
 Summon Mana Viper        Hex/Summ       15%        N/A       71%         5
 Blade Hands              Tmut           3%         N/A       91%         5
 Manifold Assault         Tloc           6%         N/A       91%         5
 Dragon Form              Tmut           3%         N/A       100%        7
 Monstrous Menagerie      Summ           3%         N/A       100%        7
 Lehudib's Crystal Spear  Conj/Erth      15%        10d5      100%        8
 Animate Armour           Summ/Erth      Unusable   N/A       N/A         4

Dungeon Overview and Level Annotations

Branches:
Dungeon (7/15)              Sewer (visited)
 Temple: D:4-7

Altars:
Elyvilon
Nemelex Xobeh
Zin

Shops:
D:6 (


Innate Abilities, Weirdness & Mutations

You have sharp claws.
You have razor-sharp teeth.
You have supernaturally acute eyesight. (SInv)
You cover ground quickly. (Speed+)
You are covered in thick fur. (AC +2)
Your paws help you pounce on unaware monsters.
You are incapable of wielding weapons or throwing items.
You cannot wear armour.
You gain extra lives every three experience levels.


Message History

Flames lash the howler monkey.
The howler monkey is heavily wounded.
The howler monkey's fire resistance burns away.
Unknown command.
Casting: Scorch (safe; 1% risk of failure)
Confirm with . or Enter, or press ? or * to list all spells.
Flames lash the howler monkey.
The howler monkey is burned terribly!
You kill the howler monkey!
You pick up a book of Transfigurations and begin reading...
You add the spells Irradiate, Blade Hands and Dragon Form to your library.
Okay, then.
Okay, then.
Okay, then.
Found a stone staircase leading up.
Found 2 throwing nets.
You see here 2 throwing nets.
Found a stone staircase leading down.
A troll comes into view.
A troll is nearby!
A troll is nearby!
A troll is nearby!
Casting: Scorch (safe; 1% risk of failure)
Confirm with . or Enter, or press ? or * to list all spells.
Flames lash the troll.
The troll is moderately wounded.
The troll's fire resistance burns away.
Casting: Scorch (safe; 1% risk of failure)
Confirm with . or Enter, or press ? or * to list all spells.
Flames lash the troll.
The troll is burned terribly!
The troll is heavily wounded.
The troll barely misses you. The troll claws you! The troll barely misses you.
Casting: Scorch (safe; 1% risk of failure)
Confirm with . or Enter, or press ? or * to list all spells.
Flames lash the troll.
The troll is burned terribly!
The troll is severely wounded.
The troll bites you!!
Ouch! That really hurt!
* * * LOW HITPOINT WARNING * * *
The troll completely misses you. The troll claws you.
You die...

...######
......T>#
#. #@# .##
#.# ..# #.#
# #.# #.# #
#.# #.#
######
#.###.###.#
.....#
#.........#
.###.#
#####.#####
..##.# #.#


You could see a troll (combustible).

Vanquished Creatures
  Grinder (D:6)
  3 yaks (D:10)
  Eustachio (D:6)
  A water moccasin (D:5)
  An ice beast (D:5)
  2 ogres
  A centaur (D:6)
  A phantom (D:6)
  2 bullfrogs (D:6)
  A necrophage (D:6)
  3 scorpions
  3 killer bees (D:6)
  2 howler monkeys (D:10)
  3 quasits
  A hound (D:6)
  4 orc priests
  4 jellies
  2 iguanas
  4 orc wizards
  3 gnolls (D:4)
  6 adders
  A river rat (Sewer)
  7 shadow imps
  4 white imps
  4 ufetubi
  6 worms
  A dart slug (D:5)
  15 orcs
  8 ball pythons
  6 bats
  21 endoplasms
  9 giant cockroaches
  5 goblins
  2 hobgoblins
  7 kobolds
  3 quokkas
  3 frilled lizards
  8 rats
159 creatures vanquished.

Vanquished Creatures (others)
  An ice beast (D:7)
  2 jellies (D:7)
  An adder (D:6)
  347 foxfires
  11 plants (D:3)
362 creatures vanquished.

Grand Total: 521 creatures vanquished

Notes
Turn   | Place    | Note
-------+----------+-------------------------------------------
     0 | D:1      | hawla the Felid Fire Elementalist began the quest for the
                  | Orb.
     0 | D:1      | Reached XP level 1. HP: 7/7 MP: 4/4
   173 | D:1      | Reached XP level 2. HP: 11/11 MP: 3/6
   480 | D:1      | Learned a level 2 spell: Scorch
  1103 | D:1      | Found a faded altar of an unknown god.
  1541 | D:2      | Identified the +1 robe of Winter {Drain rC+ Will+ Int+4}
  1848 | D:2      | Reached XP level 3. HP: 14/14 MP: 0/7
  2102 | D:2      | Reached skill level 1 in Conjurations
  2371 | D:2      | Reached XP level 4. HP: 8/18 MP: 5/8
  2603 | D:2      | Learned a level 3 spell: Inner Flame
  3211 | D:3      | Found a white marble altar of Elyvilon.
  3564 | D:3      | Found a glowing silver altar of Zin.
  4278 | D:3      | Reached skill level 1 in Hexes
  4879 | D:4      | Reached XP level 5. HP: 21/21 MP: 2/9
  5118 | D:4      | Killed by an exploding scorpion... ignited by their inner
                  | flame
  5119 | D:4      | Reached XP level 4. HP: -2/18 MP: 4/8
  5119 | D:4      | Reached XP level 5. HP: 21/21 MP: 8/10
  5292 | D:4      | Reached skill level 5 in Fire Magic
  5755 | D:5      | Entered Level 5 of the Dungeon
  5772 | D:5      | Gained mutation: You are covered in thick fur. (AC +2)
                  | [Felid growth]
  5772 | D:5      | Reached XP level 6. HP: 24/24 MP: 0/11
  5911 | D:4      | HP: 1/24 [quasit (1)]
  6167 | D:4      | Learned a level 3 spell: Stone Arrow
  6255 | D:5      | Reached skill level 1 in Earth Magic
  6647 | D:5      | Reached XP level 7. HP: 25/27 MP: 9/13
  6856 | D:5      | HP: 1/27 [white imp/puff of frost (9)]
  7732 | D:5      | Reached skill level 5 in Conjurations
  8089 | D:5      | Found a sparkling altar of Nemelex Xobeh.
  8187 | D:6      | Reached XP level 8. HP: 31/31 MP: 8/14
  8314 | D:6      | Identified a scroll of acquirement
  8314 | D:6      | Acquired the ring "Hynwev" {rCorr Stlth+}
  8410 | D:6      | Noticed Eustachio
  8455 | D:6      | Killed Eustachio
  8550 | D:6      | Noticed Grinder
  8552 | D:6      | Paralysed by Grinder for 2 turns
  8556 | D:6      | Killed Grinder
  8627 | D:6      | Found a glowing drain.
  8634 | Sewer    | Entered a sewer
  9068 | Sewer    | Found a viscous altar of Jiyva.
  9166 | Sewer    | Became a worshipper of Jiyva Juetaas the Shapeless
  9612 | D:6      | Found Tewnamm's Antique Weapon Boutique.
  9703 | D:6      | Slain by a killer bee
  9704 | D:6      | Reached XP level 7. HP: -4/28 MP: 3/15
  9764 | D:6      | Reached skill level 5 in Spellcasting
  9764 | D:6      | Reached XP level 8. HP: 11/31 MP: 5/16
 10054 | D:6      | Reached skill level 1 in Fighting
 10906 | D:7      | Reached * piety under Jiyva
 10937 | D:7      | Reached skill level 1 in Unarmed Combat
 10972 | D:7      | You fall into a shaft and drop 3 floors!
 10972 | D:10     | Entered Level 10 of the Dungeon
 11120 | D:10     | Noticed a troll
 11123 | D:10     | Slain by a troll

Illustrated notes

Levels and vault maps discovered:
D:1:      minmay_arrival_three_doors, layout_basic,
          chequers_ecumenical_altar_simple_redux
D:2:      layout_basic
D:3:      layout_loops_ring, mainiacjoe_overflow_chevrons,
          nicolae_elyvilon_temple_path, roderic_lattice_a
D:4:      layout_loops_ring
D:5:      layout_basic, nemelex_diamond_rough_becter, serial_demonic,
          serial_demonic_d, serial_demonic_a, serial_demonic_a, serial_demonic_d
D:6:      layout_basic, gup_sewer_entry_bubbles, serial_shops,
          nicolae_shop_statue_plus, bh_walls_and_bars, uniq_grinder,
          uniq_eustachio
D:7:      layout_loops_ring, minmay_temple_entry_glassed_door,
          hellmonk_ghost_happy_afterlife, uniq_maggie
D:10:     layout_loops_corners, slow_altar_2,
          kennysheep_orc_monster_closet_entryway, uniq_psyche

Skill      XL: |  1  2  3  4  5  6  7  8 |
---------------+-------------------------+-----
Fire Magic     | 3 4 5 6 |  6.9
Conjurations   | 1 2 3 6 |  6.1
Hexes          | 2 3 |  3.4
Spellcasting   | 3 5 4 |  5.5
Dodging        | 3 4 |  4.1
Earth Magic    | 2 3 |  3.6
Fighting       | 1 |  1.6
Unarmed Combat | 1 |  1.4
Stealth        | |  2.6

Action                   |  1- 3 |  4- 6 |  7- 9 || total
-------------------------+-------+-------+-------++-------
Melee: Unarmed           |    14 |     9 |    29 ||    52
       Bite              |     2 |       |     5 ||     7
 Cast: Foxfire           |    51 |    79 |    89 ||   219
       Scorch            |     9 |    21 |    46 ||    76
       Inner Flame       |       |    23 |    11 ||    34
       Stone Arrow       |       |     1 |    20 ||    21
Evoke: Wand              |       |       |     1 ||     1
  Use: Scroll            |     3 |     5 |     9 ||    17
       Potion            |       |     1 |     2 ||     3
 Stab: Sleeping          |       |       |     1 ||     1
Armor: Skin              |     1 |    17 |    11 ||    29
Dodge: Dodged            |    15 |    94 |   111 ||   220
